 Dungeon Crawl Stone Soup version 0.26.0-10-g1f06aea511 (webtiles) character file.

Game seed: 15573596271797552981

49 dohliylev the Chopper (level 3, 0/36 HPs)
             Began as a Troll Berserker on Jan 16, 2021.
             Was a Believer of Trog.
             Slain by a centaur (4 damage)
             ... on level 3 of the Dungeon.
             The game lasted 00:03:02 (1223 turns).

dohliylev the Chopper (Troll Berserker)             Turns: 1223, Time: 00:03:02

Health: 0/36       AC:  6    Str: 26    XL:     3   Next: 51%
Magic:  2/2        EV: 10    Int:  3    God:    Trog [**....]
Gold:   89         SH:  0    Dex:  9    Spells: 2/2 levels left

rFire    . . .     SeeInvis .   a - +0 hand axe
rCold    + . .     Faith    .   (no shield)
rNeg     . . .     Spirit   .   b - +0 animal skin
rPois    .         Reflect  .   (helmet restricted)
rElec    .         Harm     .   (no cloak)
rCorr    .         Rampage  .   (gloves unavailable)
Will     .....                  (boots unavailable)
Stlth    +.........             (no amulet)
HPRegen  0.52/turn              e - ring of protection from cold
MPRegen  0.08/turn              (no ring)

@: berserk cooldown, slowed, very slow
A: large, unfitting armour, claws 3, regeneration 1, shaggy fur 1, tough skin 3
a: Renounce Religion, Berserk, Trog's Hand


You were on level 3 of the Dungeon.
You worshipped Trog.
Trog was pleased with you.
You visited 1 branch of the dungeon, and saw 3 of its levels.

You collected 89 gold pieces.

Inventory:

Hand Weapons
 a - a +0 hand axe (weapon)
Armour
 b - a +0 animal skin (worn)
Jewellery
 e - a ring of protection from cold (left claw)
Scrolls
 c - 6 scrolls of identify {unknown}
 d - 2 scrolls of immolation {unknown}
 g - a scroll of enchant weapon {unknown}
 h - a scroll of enchant armour {unknown}
Potions
 f - a potion of invisibility {unknown}
 i - a potion of lignification {unknown}
 j - a potion of curing {unknown}
 k - a potion of brilliance {unknown}


   Skills:
 + Level 2.6 Fighting
 + Level 3.1 Axes
 + Level 3.0 Dodging


You had 2 spell levels left.
You didn't know any spells.
Your spell library was empty.

Dungeon Overview and Level Annotations

Branches:
Dungeon (3/15)

Altars:


Innate Abilities, Weirdness & Mutations

You are too large for most types of armour.
You have claws for hands.
Your natural rate of healing is unusually fast.
You are covered in fur. (AC +1)
You have extremely tough skin. (AC +3)


Message History

The centaur shouts!
You hear a shout!
The centaur wields a +0 shortbow.
The centaur shoots an arrow.
The arrow closely misses you.
The centaur shoots an arrow.
The arrow hits you!
You see here an arrow.
An orc comes into view. It is wielding a +0 short sword.
The orc shouts!
The centaur shoots an arrow.
The arrow hits you!
You see here an arrow.
The centaur unwields a +0 shortbow.
The centaur hits you. x2
You're still recovering from your berserk rage.
You closely miss the centaur.
The centaur hits you but does no damage. x2
You barely miss the centaur. The centaur hits you. The centaur hits you!
* * * LOW HITPOINT WARNING * * *
You hit the centaur.
The centaur is lightly wounded.
The centaur barely misses you.
The centaur hits you but does no damage.
The centaur hits you.
You die...

...# #..# #..#
#.. #.. #o# #c#
#@# ##(##
#..(### #.#...#
# #..(#.#
#.###.######.###
.......<†......#
.#..>..#####.#.#
#.###.> #.#.#


You could see a centaur and an orc.

Vanquished Creatures
  An adder (D:3)
  A worm (D:2)
  A dart slug (D:1)
  3 giant cockroaches (D:1)
  3 goblins
  3 hobgoblins
  2 jackals (D:1)
  6 kobolds
  3 quokkas
  5 bats
  5 frilled lizards
33 creatures vanquished.

Notes
Turn   | Place    | Note
-------+----------+-------------------------------------------
     0 | D:1      | dohliylev the Troll Berserker began the quest for the Orb.
     0 | D:1      | Reached XP level 1. HP: 22/22 MP: 0/0
   235 | D:1      | Reached XP level 2. HP: 29/29 MP: 1/1
   731 | D:2      | Reached XP level 3. HP: 36/36 MP: 2/2
   919 | D:2      | Reached ** piety under Trog
  1218 | D:3      | Noticed a centaur
  1223 | D:3      | Slain by a centaur

Illustrated notes

Levels and vault maps discovered:
D:1:      dpeg_arrival_short_road, layout_loops_cross
D:2:      layout_loops_ring
D:3:      layout_loops_ring, uniq_jessica

Skill      XL: |  1  2  3 |
---------------+----------+-----
Axes           | 3 |  3.1
Dodging        | 3 |  3.0
Fighting       | |  2.6

Action                   || total
-------------------------++-------
Melee: Hand axe          ||   135
Invok: Berserk           ||     3
 Stab: Sleeping          ||     1
Armor: Animal skin       ||    82
Dodge: Dodged            ||    67
